 Dungeon Sprint DCSS version 0.26-a0-1184-g95e395e029 (webtiles) character file.

Game seed: 1628518905575338069

1245 reriks the Protected (level 8, -11/54 HPs)
             Began as a Gargoyle Berserker on Dec 27, 2020.
             Was an Elder of Trog.
             Mangled by a polar bear (19 damage)
             ... in the Dungeon (Sprint II: "The Violet Keep of Menkaure").
             The game lasted 00:04:01 (904 turns).

reriks the Protected (Gargoyle Berserker)            Turns: 904, Time: 00:04:01

Health: -11/54     AC: 18    Str: 24    XL:     8   Next: 50%
Magic:  8/8        EV: 10    Int:  7    God:    Trog [****..]
Gold:   36         SH:  0    Dex:  9    Spells: 7/7 levels left

rFire    + . .     SeeInvis .   a - +0 mace
rCold    + . .     Faith    .   (no shield)
rNeg     + . .     Spirit   .   j - +3 scale mail {rF+}
rPois    ∞         Reflect  .   (no helmet)
rElec    +         Harm     .   (no cloak)
rCorr    .         Rampage  .   (no gloves)
Will     ++...     NoTele   +   (no boots)
Stlth    ..........             (no amulet)
HPRegen  1.18/turn              i - ring of protection from cold
MPRegen  0.11/turn              (no ring)

@: berserk cooldown, regenerating (expiring), hasted and slowed
A: negative energy resistance 1, electricity resistance, unbreathing,
petrification resistance, miasma immunity, AC +5
a: Renounce Religion, Berserk, Trog's Hand, Brothers in Arms


You were in the Dungeon.
You worshipped Trog.
Trog was greatly pleased with you.
You visited 1 branch You collected 486 gold pieces.
You spent 450 gold pieces at shops.

Inventory:

Hand Weapons
 a - a +0 mace (weapon)
Armour
 b - a +0 animal skin
 j - a +3 scale mail of fire resistance (worn)
Jewellery
 i - a ring of protection from cold (left hand)
Scrolls
 h - a scroll of blinking
Potions
 c - a potion of curing
 d - a potion of heal wounds
 f - 2 potions of magic
 g - a potion of berserk rage


   Skills:
 + Level 7.8 Fighting
 + Level 12.2 Maces & Flails
 + Level 13.0 Armour
 - Level 1.5 Dodging


You had 7 spell levels left.
You didn't know any spells.
Your spell library was empty.

Dungeon Overview and Level Annotations

Branches:
Dungeon (1/1)

Altars:
Cheibriados
Dithmenos
Elyvilon
Hepliaklqana
Kikubaaqudgha
Makhleb
Qazlal
Ru
Sif Muna
Trog
Uskayaw
Wu Jian
Xom
Yredelemnul
Zin
The Shining One
Beogh
Jiyva
Lugonu

Shops:
D !:::!([==}*!(?[

Annotations:
D exclusion: oklob plant


Innate Abilities, Weirdness & Mutations

You are resistant to torment.
Your stone body is resilient. (AC +5)
You are immune to poison.
You resist negative energy. (rN+)
You are resistant to electric shocks. (rElec)
You can survive without breathing.
You are immune to petrification.
You are immune to miasma.


Message History

The polar bear claws you but does no damage.
The polar bear claws you. The polar bear misses you.
The polar bear claws you but does no damage.
The polar bear barely misses you.
You sock the polar bear!
The polar bear is almost dead.
The polar bear bites you but does no damage.
The polar bear claws you but does no damage.
The polar bear claws you.
You hit the polar bear.
The polar bear is almost dead.
The polar bear bites you!
* * * LOW HITPOINT WARNING * * *
The polar bear claws you but does no damage.
The polar bear claws you.
* * * LOW HITPOINT WARNING * * *
You completely miss the polar bear.
The polar bear is almost dead.
The polar bear bites you!!
You die...

.. +## #. ..##.####
+.### #..# ...# ...# ##
#.####..## #..# $#
+###.##..# +..# c#
.##...#..# #^.# h# <.+)#
+..####..##h#
.##...#....###..@##▓▓
'###.##......≈≈≈≈≈≈≈≈≈≈≈
.#####≈≈§....≈#+########
#..#≈≈§≈≈≈≈..≈#.._._._.#
#.##≈≈≈≈≈≈≈≈§≈#._._._..#
'##≈≈≈≈≈≈≈≈≈≈≈#_._._._.#
≈≈≈≈≈≈§≈≈≈≈≈§≈#._._._._#
#+++#≈§≈≈§≈§§≈#.._._._.#
..° ##§§§###§≈#..._._


You could see 2 polar bears and a yaktaur.

Vanquished Creatures
  A merfolk siren (D)
  A polar bear (D)
  A vampire mosquito (D)
  Menkaure (D)
  A water moccasin (D)
  4 necrophages (D)
  4 worker ants (D)
13 creatures vanquished.

Vanquished Creatures (others)
  A water moccasin (D)
1 creature vanquished.

Grand Total: 14 creatures vanquished

Notes
Turn   | Place    | Note
-------+----------+-------------------------------------------
     0 | D        | reriks the Gargoyle Berserker began the quest for the Orb.
     0 | D        | Reached XP level 1. HP: 14/14 MP: 1/1
     1 | D        | Noticed a necrophage
     1 | D        | Noticed a necrophage
     1 | D        | Noticed a necrophage
     1 | D        | Noticed a necrophage
    10 | D        | Killed a necrophage
    11 | D        | Reached skill level 6 in Armour
    11 | D        | Reached XP level 2. HP: 19/19 MP: 2/2
    11 | D        | Reached XP level 3. HP: 23/23 MP: 3/3
    11 | D        | Reached XP level 4. HP: 28/28 MP: 4/4
    14 | D        | Killed a necrophage
    15 | D        | Reached skill level 8 in Armour
    15 | D        | Reached XP level 5. HP: 32/32 MP: 5/5
    18 | D        | Killed a necrophage
    18 | D        | Reached ** piety under Trog
    19 | D        | Reached skill level 9 in Armour
    19 | D        | Reached XP level 6. HP: 37/37 MP: 6/6
    23 | D        | Killed a necrophage
    24 | D        | Reached skill level 10 in Maces & Flails
    24 | D        | Reached skill level 10 in Armour
    70 | D        | Noticed a flying skull
    70 | D        | Noticed a flying skull
    70 | D        | Noticed a flying skull
    70 | D        | Noticed Menkaure
    70 | D        | Noticed a flying skull
    71 | D        | Noticed a flying skull
    71 | D        | Noticed a flying skull
    71 | D        | Noticed a flying skull
    71 | D        | Noticed a flying skull
    72 | D        | Noticed a flying skull
    73 | D        | Noticed a water moccasin
    73 | D        | Noticed a flying skull
    74 | D        | Noticed a flying skull
    75 | D        | Killed Menkaure
    75 | D        | Noticed a flying skull
    86 | D        | Killed a water moccasin
    86 | D        | Reached *** piety under Trog
    87 | D        | Reached skill level 11 in Armour
    87 | D        | Reached XP level 7. HP: 25/41 MP: 7/7
   200 | D        | Noticed a merfolk siren
   206 | D        | Killed a merfolk siren
   207 | D        | Reached skill level 12 in Armour
   293 | D        | Noticed a boulder beetle
   293 | D        | Noticed a boulder beetle
   303 | D        | Reached **** piety under Trog
   304 | D        | Reached XP level 8. HP: 52/52 MP: 8/8
   605 | D        | Noticed an ice statue
   608 | D        | Found Uqak's Antique Armour Emporium.
   609 | D        | Found Toov's Antique Weapon Shoppe.
   610 | D        | Found Etaocebb's General Store.
   611 | D        | Found Joluevae's Jewellery Shoppe.
   802 | D        | Found Qydgh's Jewellery Shoppe.
   802 | D        | Found Xode's Distillery.
   803 | D        | Found Mapleysm's Gadget Shoppe.
   803 | D        | Found Rycsenot's Antique Armour Emporium.
   804 | D        | Found Ytacupsa's Weapon Shoppe.
   804 | D        | Found Baomnacs's Distillery.
   805 | D        | Found Axkolata's Magic Scroll Shoppe.
   807 | D        | Found Tahaon's Book Shoppe.
   807 | D        | Noticed a death yak
   807 | D        | Noticed an oklob plant
   808 | D        | Found Ythruoxu's Distillery.
   808 | D        | Found Joq Kut's Book Shoppe.
   808 | D        | Found Iry Oph's Book Shoppe.
   808 | D        | Noticed a manticore
   808 | D        | Noticed a manticore
   809 | D        | Noticed a manticore
   822 | D        | Noticed a wyvern
   822 | D        | Noticed a wyvern
   831 | D        | Bought an uncursed ring of protection from cold for 275
                  | gold pieces
   840 | D        | Bought a runed scale mail for 175 gold pieces
   868 | D        | Found a roughly hewn altar of Beogh.
   869 | D        | Found a hazy altar of Hepliaklqana.
   869 | D        | Found a snail-covered altar of Cheibriados.
   870 | D        | Found a stormy altar of Qazlal.
   870 | D        | Found a viscous altar of Jiyva.
   870 | D        | Found a shadowy altar of Dithmenos.
   871 | D        | Found a sacrificial altar of Ru.
   871 | D        | Found an ancient bone altar of Kikubaaqudgha.
   871 | D        | Found a white marble altar of Elyvilon.
   872 | D        | Found an ornate altar of the Wu Jian Council.
   872 | D        | Found a shimmering blue altar of Sif Muna.
   872 | D        | Found a corrupted altar of Lugonu.
   873 | D        | Found a shimmering altar of Xom.
   873 | D        | Found a bloodstained altar of Trog.
   873 | D        | Found a burning altar of Makhleb.
   874 | D        | Found a glowing golden altar of the Shining One.
   874 | D        | Found a basalt altar of Yredelemnul.
   874 | D        | Found a hide-covered altar of Uskayaw.
   875 | D        | Found a glowing silver altar of Zin.
   877 | D        | Noticed a yaktaur
   877 | D        | Noticed a hornet
   877 | D        | Noticed a polar bear
   877 | D        | Noticed a polar bear
   892 | D        | Killed a polar bear
   893 | D        | Reached skill level 13 in Armour
   893 | D        | Noticed a polar bear
   904 | D        | Mangled by a polar bear

Illustrated notes

Levels and vault maps discovered:
D:        the_violet_keep_of_menkaure [sprint2_stairs_cluster_1,
          sprint2_shoproom, sprint2_temple, sprint2_basic_supplies,
          sprint2_obstacle_2, sprint2_obstacle_4, sprint2_obstacle_1,
          sprint2_obstacle_7, sprint2_obstacle_3, sprint2_timed_cluster_1,
          sprint2_smallroom_cluster_1, sprint2_smallroom_final_cluster_1,
          sprint2_transparent_cluster_1, sprint2_second_timed_cluster_1,
          sprint2_sniper_area_1, sprint2_heavy_combat_area_1,
          sprint2_mutation_trap_area_1, sprint2_forest_area_1,
          sprint2_light_combat_area_1, sprint2_behind_water_1,
          sprint2_near_end_vault_1]

Skill      XL: |  1  2  3  4  5  6  7  8 |
---------------+-------------------------+-----
Maces & Flails | 6 8 9 10 11 12 | 12.2
Armour         | 6 8 9 11 12 13 | 13.0
Fighting       | 6 7 |  7.8
Dodging        | |  1.5

Action                   |  1- 3 |  4- 6 |  7- 9 || total
-------------------------+-------+-------+-------++-------
Melee: Mace              |     6 |    26 |    65 ||    97
Invok: Berserk           |     1 |     1 |     4 ||     6
       Trog's Hand       |       |       |     1 ||     1
  Use: Potion            |       |       |     1 ||     1
Armor: Animal skin       |     1 |     5 |    11 ||    17
       Scale mail        |       |       |    23 ||    23
Dodge: Dodged            |     4 |     6 |    22 ||    32

Table legend: (Time is in decaauts)
 A = Elapsed time spent in this place.
 B = Non-inter-level travel time spent in this place.
 C = Inter-level travel time spent in this place.
 D = Time resting spent in this place.
 E = Time spent auto-exploring this place.
 F = Levels seen in this place.
 G = Mean time per level.
                   A        B        C        D        E       F      G
               +--------+--------+--------+--------+--------+-----+--------+
         Total |    938 |    938 |      0 |    711 |     14 |   1 |  938.0 |
       Dungeon |    938 |    938 |      0 |    711 |     14 |   1 |  938.0 |
               +--------+--------+--------+--------+--------+-----+--------+

Top non-repeatable levels by time:
       D: 938 daAuts
